[Event "20th Delhi GM Open 2023"]
[Site "New Delhi"]
[Date "2023.03.30"]
[Round "10.9"]
[White "Krasenkow, Michal"]
[Black "Goutham Krishna H"]
[Result "1-0"]
[ECO "E92"]
[WhiteElo "2527"]
[BlackElo "1990"]
[Annotator "TA"]
[PlyCount "125"]
[EventDate "2023.03.23"]
[EventType "swiss"]
[EventCountry "IND"]
[SourceTitle "playchess.com"]
[Source "ChessBase"]
[SourceQuality "1"]
[TimeControl "5400+30"]

1. Nf3 Nf6 2. c4 g6 3. Nc3 Bg7 4. e4 d6 5. d4 O-O 6. h3 Nbd7 7. Bg5 e5 8. d5 h6 9. Be3 Nc5 10. Nd2 a5 11. Be2 Ne8 12. g4 f5 13. exf5 {[%emt 0:00:04] E92: King's Indian: Classical: 6 Be2 e5: 7 dxe5, 7 Be3 and Petrosian System without 7...Nbd7.} gxf5 14. Rg1 {[%emt 0:00:04] [#]} (14. Qc2 $1 $16) 14... b6 $146 (14... a4 $1 $14) ({Predecessor:} 14... Kh8 15. g5 e4 16. Qc2 a4 17. O-O-O a3 18. b4 Na6 19. gxh6 Be5 20. f4 Bf6 {1-0 Krasenkow,M (2609)-Mista,A (2517) POL-ch Warsaw 2004 (7)}) 15. g5 $16 {[%emt 0:09:42] White is better.} Kh8 (15... hxg5 $142 16. Bxg5 Qd7) 16. gxh6 Bf6 17. Qc2 (17. h4 $142) 17... a4 (17... Na6 $142) 18. Nf3 $1 Bd7 19. O-O-O e4 (19... a3 $16) 20. Ng5 $36 {[%emt 0:01:20][%mdl 2048] Hoping for f4. White is in control.} a3 21. b3 Qe7 22. Kb1 Qe5 23. Bd4 {[%emt 0:00:24] Active counter play!} (23. Bd2 $18) 23... Qe7 (23... Qf4 $16) 24. f4 Bxd4 25. Rxd4 Nf6 26. Nd1 Rg8 27. Qc3 Rg6 {[%emt 0:00:05] [#]} 28. h7 Rh6 (28... Rg7 $16 {was necessary.}) 29. Ne3 Rh4 (29... Rg6 $142 30. h4 Nd3) 30. Ng2 Rh6 31. Rdd1 Qg7 32. Ne3 Rg6 33. Kc2 Rf8 34. Qa1 Na6 (34... Ne8 {is a better defense.} 35. Qc1 Qf6 36. Qxa3 Rh6) 35. Ne6 Bxe6 36. dxe6 Rxg1 37. Rxg1 Nb4+ 38. Kd2 Qe7 39. Nxf5 $2 ({Only move:} 39. Nd5 $1 $18 e3+ 40. Kd1 (40. Kxe3 Qxe6+ 41. Kf2 Kxh7 $11) 40... Nbxd5 41. cxd5 Kxh7 42. Bf3) 39... Qxe6 $14 40. Ne3 {[%emt 0:00:06] And now Bg4 would win. Really sharp!} (40. Rg5 e3+ 41. Nxe3 Kxh7 $11) 40... c5 $2 {[%emt 0:01:06][%mdl 8192] [#]} (40... d5 $1 $14) 41. Rg5 $1 $18 Nc6 42. Bg4 {[%emt 0:01:39] Black is weak on the light squares} Qf7 43. Nf5 {[%emt 0:00:23] Against Nd4} e3+ 44. Kxe3 Qe6+ 45. Kf2 Ne5 {[%emt 0:02:45] Threatens to win with ...Ne4+.} 46. Ng3 {[%emt 0:09:21] Repels Ne4+} ({Less strong is} 46. fxe5 Ne4+ 47. Kg2 Nxg5 $16) (46. Kg2 $18) 46... Nd3+ {[%emt 0:00:35] [#] A dynamic duo of knights.} (46... Nfxg4+ $11 {keeps the balance.} 47. hxg4 (47. Rxg4 $2 {too greedy.} Qf6 $19) 47... Rxf4+ 48. Kg2 Rxg4 49. Rxg4 Qxg4) 47. Kg2 $1 $16 {[%emt 0:00:28] Black is now going downhill.} Nxf4+ (47... Qe1 $16 48. Qxe1 Nxe1+ 49. Kg1 Nc2) 48. Kf3 $18 Qe7 49. Kxf4 d5 50. cxd5 {[%emt 0:00:27] White wants to mate with Be6.} c4 51. Be6 {[%emt 0:02:31] Intending Qe5 and mate.} Qc7+ 52. Qe5 Qxe5+ 53. Kxe5 cxb3 54. Ne4 Nxe4 55. Rg8+ {[%emt 0:01:03] White mates.} Kxh7 56. Rxf8 bxa2 57. Rf1 (57. Kxe4 $2 {perishes.} a1=Q 58. Rf7+ Kg6 $19) 57... Nd2 58. Ra1 b5 59. d6 b4 60. d7 b3 61. d8=Q b2 62. Qh4+ Kg7 63. Rg1+ {[%emt 0:00:01] An entertaining game by Krasenkow.   Weighted Error Value: White=0.34/Black=0.47} 1-0